 Dungeon Crawl Stone Soup version 0.31.0-32-g396128a36d (webtiles) character file.

Game seed: 1368847166465809473

207 Silvore the Trooper (level 5, -10/48 HPs)
             Began as a Minotaur Fighter on Apr 22, 2024.
             Mangled by a gnoll bouda
             ... wielding a +0 club
              (11 damage)
             ... on level 4 of the Dungeon.
             The game lasted 00:02:22 (2493 turns).

Silvore the Trooper (Minotaur Fighter)              Turns: 2493, Time: 00:02:23

Health: -10/48     AC:  3    Str: 29    XL:     5   Next: 54%
Magic:  4/4        EV: 10    Int:  5    God:
Gold:   147        SH:  5    Dex: 15    Spells: 4/4 levels left

rFire   . . .        a - +1 flail
rCold   . . .        c - +0 buckler
rNeg    . . .        b - +0 scale mail
rPois   .            (helmet restricted)
rElec   .            (no cloak)
rCorr   .            (no gloves)
SInv    .            (no boots)
Will    .....        (no amulet) Stlth
                     g - +6 ring of dexterity
HPRegen 0.28/turn    j - +6 ring of strength
MPRegen 0.09/turn

%: no passive effects
@: corroded
A: horns 2, retaliatory headbutt
a: no special abilities


You were on level 4 of the Dungeon.
You visited 1 branch of the dungeon, and saw 4 of its levels.

You collected 147 gold pieces.

Inventory:

Hand Weapons
 a - a +1 flail (weapon)
Armour
 b - a +0 scale mail (worn)
 c - a +0 buckler (worn)
Jewellery
 g - a +6 ring of dexterity (left hand)
 j - a +6 ring of strength (right hand)
Scrolls
 m - a scroll of fog {unknown}
Potions
 d - a potion of might
 e - a potion of haste
 f - a potion of invisibility
 h - a potion of brilliance
 i - a potion of berserk rage {unknown}
 k - a potion of cancellation
 l - a potion of enlightenment {unknown}
 o - a potion of attraction {unknown}
 p - a potion of curing {unknown}


   Skills:
 + Level 5.1 Fighting
 + Level 4.1 Maces & Flails
 + Level 4.7 Armour
 + Level 0.9 Dodging
 + Level 0.6 Stealth
 + Level 4.4 Shields


You had 4 spell levels left.
You didn't know any spells.
Your spell library was empty.

Dungeon Overview and Level Annotations

Branches:
Dungeon (4/15)             Temple (0/1) D:4

Altars:
Qazlal
Wu Jian


Innate Abilities, Weirdness & Mutations

You have a pair of horns on your head.
You reflexively headbutt those who attack you in melee.


Message History

A gnoll comes into view. It is wielding a +0 whip.
You block the jelly's attack.
The gnoll shouts!
You hit the jelly but do no damage.
Your hands burn!
You hear a shout!
The gnoll bouda barks out a call to the hunt!
The gnoll picks up the pace!
The jelly closely misses you.
You sock the jelly!
Your hands burn!
The jelly is almost dead.
A gnoll comes into view. It is wielding a +0 whip.
The jelly hits you. The acid corrodes you!
You are splashed with acid!
The gnoll moves out of view.
You sock the jelly!
You kill the jelly!
Your Fighting skill increases to level 5!
A gnoll comes into view. It is wielding a +0 spear.
The gnoll shouts!
A gnoll comes into view.
It is wielding a +0 spear and quivering a throwing net.
You block the gnoll's attack.
There is a stone staircase leading down here.
You sock the gnoll! You headbutt the gnoll.
You kill the gnoll!
You hit the gnoll bouda but do no damage.
You block the gnoll's attack. The gnoll bouda barely misses you.
The gnoll hits you with a +0 whip.
The gnoll hits you from afar with a +0 spear.
You barely miss the gnoll bouda.
The gnoll bouda hits you with a +0 club!
The gnoll hits you from afar with a +0 spear.
* * * LOW HITPOINT WARNING * * *
The gnoll barely misses you.
You hit the gnoll bouda but do no damage.
The gnoll bouda hits you with a +0 club!
* * * LOW HITPOINT WARNING * * *
You block the gnoll's attack. The gnoll hits you with a +0 whip.
* * * LOW HITPOINT WARNING * * *
The gnoll completely misses you. You block the gnoll's attack.
The gnoll bouda hits you with a +0 club!
You die... ... #.. ...## ###### .... #....# #..# #....# gg.

########....#####g###
.....<.......>..@g..#
#......############$..#
#......##.....# ....
#......##.[...# .# ..
#......##..)..#####.#..
#.......'..............
####'####.....####.....
#.# ##............. #.#
#.......#....


You could see a gnoll bouda and 3 gnolls.

Vanquished Creatures
  A jelly (D:4)
  An orc priest (D:3)
  Terence (D:2)
  4 adders
  A gnoll (D:4)
  A dart slug (D:4)
  2 ribbon worms (D:2)
  4 orcs (D:3)
  7 ball pythons
  9 endoplasms
  3 giant cockroaches
  2 goblins
  5 hobgoblins
  3 jackals (D:1)
  4 quokkas (D:2)
  3 bats
  4 frilled lizards (D:1)
  9 kobolds
  5 rats
69 creatures vanquished.

Notes
Turn   | Place    | Note
-------+----------+-------------------------------------------
     0 | D:1      | Silvore the Minotaur Fighter began the quest for the Orb.
     0 | D:1      | Reached XP level 1. HP: 19/19 MP: 0/0
   192 | D:1      | Reached XP level 2. HP: 27/27 MP: 1/1
   292 | D:1      | Reached skill level 4 in Fighting
   671 | D:2      | Reached XP level 3. HP: 33/33 MP: 2/2
   718 | D:2      | Noticed Terence
   725 | D:2      | Killed Terence
  1024 | D:2      | Reached XP level 4. HP: 40/40 MP: 3/3
  1028 | D:2      | Found a faded altar of an unknown god.
  1059 | D:2      | You fall into a shaft and drop 1 floor!
  1978 | D:3      | Found an ornate altar of the Wu Jian Council.
  1982 | D:3      | Found a stormy altar of Qazlal.
  2021 | D:3      | Reached XP level 5. HP: 31/47 MP: 4/4
  2421 | D:4      | Found a staircase to the Ecumenical Temple.
  2489 | D:4      | Reached skill level 5 in Fighting
  2493 | D:4      | HP: 1/48 [gnoll/+0 whip[a gnoll bouda] (6)]
  2493 | D:4      | Mangled by a gnoll bouda

Illustrated notes

Levels and vault maps discovered:
D:1:      ncdulo_halloftheorcs, layout_basic, chequers_serial_rivers_room_a,
          minmay_misc_feat_x
D:2:      layout_loops_corners, hellmonk_ecumenical_altar_crossroads,
          roderic_serpentine_path, minmay_misc_feat_more_columns, uniq_terence
D:3:      layout_basic, grunt_temple_overflow_open, nrook_mini_backslash,
          nicolae_figureground_pulse
D:4:      layout_basic, worldfamousw_hep_ancestral_shrine,
          minmay_temple_entry_from_below_a

Skill      XL: |  1  2  3  4  5 |
---------------+----------------+-----
Shields        | 4 |  4.4
Fighting       | 4 5 |  5.1
Armour         | 4 |  4.7
Maces & Flails | 3 4 |  4.1
Dodging        | |  0.9
Stealth        | |  0.6

Action                     |  1- 3 |  4- 6 || total
---------------------------+-------+-------++-------
  Melee: Flail             |    65 |    63 ||   128
         Headbutt          |     8 |     7 ||    15
    Use: Scroll            |     3 |     3 ||     6
 Armour: Scale mail        |    45 |    34 ||    79
  Dodge: Dodged            |    38 |    32 ||    70
  Block: Buckler           |    16 |    14 ||    30
